 Dungeon Crawl Stone Soup version 0.20.1-1-g8b1a95d (webtiles) character file.

137 tsahey the Poker (level 5, -5/46 HPs)
             Began as a Draconian Berserker on Oct 31, 2017.
             Was a Believer of Trog.
             Killed from afar by Ijyb (17 damage)
             ... with a wand of lightning (?/15)
             ... on level 3 of the Dungeon.
             The game lasted 00:09:28 (2997 turns).

tsahey the Poker (Draconian Berserker)              Turns: 2997, Time: 00:09:29

Health: -5/46      AC:  5    Str: 20    XL:     5   Next: 0%
Magic:  5/5        EV: 13    Int:  7    God:    Trog [**....]
Gold:   140        SH:  0    Dex: 11    Spells: 4/4 levels left

rFire    . . .     SeeInvis .   G - +0 trident
rCold    . . .     Gourm    .   (no shield)
rNeg     . . .     Faith    .   (armour unavailable)
rPois    .         Spirit   .   (helmet restricted)
rElec    .         Reflect  .   (no cloak)
rCorr    .         Harm     .   (no gloves)
MR       .....                  (no boots)
Stlth    +.........             (no amulet)
Regen    0.2/turn               (no ring)
MPRegen  0.1/turn               (no ring)

@: no status effects
A: unfitting armour, cold-blooded, AC +5
a: Berserk, Trog's Hand, Burn Spellbooks, Renounce Religion


You were on level 3 of the Dungeon.
You worshipped Trog.
Trog was pleased with you.
You were very hungry.

You visited 1 branch of the dungeon, and saw 3 of its levels.

You collected 140 gold pieces.

Inventory:

Hand Weapons
 a - a +0 spear
 b - a +0 whip
 c - a +0 club
 k - a +0 mace
 l - a +0 dagger
 n - a +0 short sword
 p - a +0 whip
 r - a +0 hand axe
 s - a +0 club
 u - a +0 whip
 x - a +0 short sword
 E - a +0 spear
 G - a +0 trident (weapon)
Missiles
 e - 8 tomahawks of returning (quivered)
 f - 133 stones
 o - 68 arrows
 t - 22 bolts
 y - 11 poisoned needles
Armour
 g - a +0 leather armour
 w - a +0 scale mail
 A - a +0 plate armour
 B - a +0 ring mail
 F - a +0 leather armour
 J - a +0 leather armour
Scrolls
 h - a scroll of identify {unknown}
 i - a scroll of teleportation {unknown}
 m - a scroll of amnesia {unknown}
 v - 2 scrolls of blinking {unknown}
 H - 2 scrolls of fog {unknown}
 I - a scroll of recharging {unknown}
Potions
 d - a potion of curing {unknown}
 j - 2 potions of brilliance {unknown}
 q - a potion of agility {unknown}
 C - a potion of might {unknown}
Comestibles
 z - 3 fruits
 D - a meat ration


   Skills:
 + Level 4.0 Fighting
 + Level 4.5 Polearms
 + Level 0.1 Throwing
 + Level 3.4 Dodging
 + Level 0.6 Stealth


You had 4 spell levels left.
You didn't know any spells.

Dungeon Overview and Level Annotations

Branches:
Dungeon (3/15)

Altars:

Annotations:
D:3 Ijyb


Innate Abilities, Weirdness & Mutations

Your plain brown scales are hard. (AC +5)
You cannot fit into any form of body armour.
You are cold-blooded and may be slowed by cold attacks.


Message History

Found 13 gold pieces.
You now have 140 gold pieces (gained 13).
Found a scroll labeled JIJAWO TOOB.
You open the door.
Found a bread ration.
Ijyb the Twisted Goblin comes into view.
She is wielding a dagger.
Ijyb shouts!
There is an open door here.
Ijyb zaps a wand.
The bolt of lightning misses you.
It is a wand of lightning (?/15).
Ijyb zaps a wand.
The bolt of lightning hits you! Ijyb hits you but does no damage.
You hit Ijyb.
Ijyb is lightly wounded.
Ijyb zaps a wand.
The bolt of lightning hits you!
* * * LOW HITPOINT WARNING * * *
You hit Ijyb. You tail-slap Ijyb, but do no damage.
Ijyb is moderately wounded.
Ijyb zaps a wand.
The bolt of lightning hits you!
You die...

##.## #.#.#.##.# #.#
#.#......## #.#
#.###...#.# ##'##
#........#
##...##########.#
##.....## ###.#
##.......## ##.#.#
#..g......####....##
+..@......+.........
#.....%...####....##
##.......## #......
##.....## #.##.##
##...## #.##†.#
##+## #.###.#
#.###.# #......
#####.#


You could see Ijyb.

Vanquished Creatures
  A hound (D:3)
  4 adders
  2 oozes (D:1)
  2 worms (D:2)
  2 dart slugs (D:1)
  A leopard gecko (D:3)
  An orc (D:3)
  3 bats
  3 giant cockroaches (D:2)
  7 goblins
  2 hobgoblins
  2 jackals (D:3)
  2 quokkas
  3 frilled lizards
  5 kobolds
  18 rats
58 creatures vanquished.

Notes
Turn   | Place    | Note
-------+----------+-------------------------------------------
     0 | D:1      | tsahey the Draconian Berserker began the quest for the Orb.
     0 | D:1      | Reached XP level 1. HP: 19/19 MP: 1/1
   156 | D:1      | Reached XP level 2. HP: 23/26 MP: 2/2
  1217 | D:1      | Reached XP level 3. HP: 28/33 MP: 3/3
  1605 | D:2      | Reached ** piety under Trog
  2071 | D:2      | Reached XP level 4. HP: 34/40 MP: 4/4
  2931 | D:3      | Reached XP level 5. HP: 46/46 MP: 5/5
  2990 | D:3      | Noticed Ijyb
  2997 | D:3      | Killed from afar by Ijyb

Skill      XL: |  1  2  3  4 |
---------------+-------------+-----
Dodging        | 3 |  3.4
Polearms       | 4 |  4.5
Fighting       | 4 |  4.0
Throwing       | |  0.1
Stealth        | |  0.6

Action                   |  1- 3 |  4- 6 || total
-------------------------+-------+-------++-------
Melee: Spear             |   135 |    50 ||   185
       Tailslap          |    11 |     8 ||    19
       Trident           |       |    22 ||    22
Throw: Tomahawk          |     1 |       ||     1
 Stab: Sleeping          |     1 |       ||     1
  Eat: Bread ration      |     1 |       ||     1
       Chunk             |       |     1 ||     1
Armor: Skin              |    29 |    27 ||    56
Dodge: Dodged            |    88 |    78 ||   166
